| TOP OF THE 1ST |
|
Tulsa Drillers batting - Pitching for Biloxi Shuckers : RHP Brett Rosinsky
|
|
Pitching: RHP Brett Rosinsky
|
|
|
Batting: LHB Nate Kee
|
0-0: Called Strike 0-1: Called Strike 0-2: Ball 1-2: Strikes out looking
|
|
Batting: SHB Ray Luna
|
0-0: Called Strike 0-1: Ball 1-1: Ball 2-1: Swinging Strike 2-2: Strikes out swinging
|
|
Batting: RHB Justin Curran
|
0-0: Swinging Strike 0-1: Swinging Strike 0-2: Foul Ball, location: 2F 0-2: Ball 1-2: Ball 2-2: Ball 3-2: Ground out U3 (Groundball, 13, EV 87.5 MPH)
|
| Top of the 1st over - 0 runs, 0 hits, 0 errors, 0 left on base; Tulsa 0 - Biloxi 0 |
| BOTTOM OF THE 1ST |
|
Biloxi Shuckers batting - Pitching for Tulsa Drillers : RHP Alex Mora
|
|
Pitching: RHP Alex Mora
|
|
|
Batting: RHB Victor Alarcon
|
0-0: Foul Ball, location: 2F 0-1: Ball 1-1: Ball 2-1: Ball 3-1: Ground out 5-3 (Groundball, 5, EV 107.5 MPH)
|
|
Batting: LHB Adam Hill
|
0-0: Swinging Strike 0-1: Ground out 6-3 (Groundball, 6, EV 85.0 MPH)
|
|
Batting: SHB Justin Hensley
|
0-0: Called Strike 0-1: Ball 1-1: Foul Ball, location: 2F 1-2: Foul Ball, location: 2F 1-2: TRIPLE (Flyball, 78XD, EV 109.4 MPH)
|
|
Batting: LHB Karel Hort
|
0-0: Called Strike 0-1: Foul Ball, location: 2F 0-2: Strikes out swinging
|
| Bottom of the 1st over - 0 runs, 1 hit, 0 errors, 1 left on base; Tulsa 0 - Biloxi 0 |
| TOP OF THE 2ND |
|
Tulsa Drillers batting - Pitching for Biloxi Shuckers : RHP Brett Rosinsky
|
|
Batting: LHB Bobby Gonzalez
|
0-0: Ball 1-0: Swinging Strike 1-1: Swinging Strike 1-2: Ball 2-2: Foul Ball, location: 2F 2-2: Strikes out swinging
|
|
Batting: RHB Jonathan Sotelo
|
0-0: Called Strike 0-1: Fly out, F9 (Flyball, 89D, EV 101.2 MPH)
|
|
Batting: LHB Umar Matoub
|
0-0: DOUBLE (Groundball, 3L, EV 100.6 MPH)
|
|
Batting: RHB Jerry Blas
|
0-0: Called Strike 0-1: Foul Ball, location: 2F 0-2: Foul Ball, location: 2F 0-2: Ball 1-2: Ball 2-2: Fly out, F9 (Flyball, 9D, EV 95.6 MPH)
|
| Top of the 2nd over - 0 runs, 1 hit, 0 errors, 1 left on base; Tulsa 0 - Biloxi 0 |
| BOTTOM OF THE 2ND |
|
Biloxi Shuckers batting - Pitching for Tulsa Drillers : RHP Alex Mora
|
|
Batting: LHB Rick Campbell
|
0-0: Ball 1-0: Foul Ball, location: 2F 1-1: Called Strike 1-2: DOUBLE (Line Drive, 5D, EV 100.0 MPH)
|
|
Batting: RHB Brian Landrum
|
0-0: Ground out U3 (Groundball, 34S, EV 86.2 MPH) Rick Campbell to third
|
|
Batting: LHB Kwang-chih Men
|
0-0: Ball 1-0: Ball 2-0: Ball Wild Pitch! Rick Campbell scores 3-0: Called Strike 3-1: Fly out, F7 (Flyball, 78S, EV 88.8 MPH)
|
|
Batting: SHB Nick Chandler
|
0-0: Ground out 4-3 (Groundball, 4, EV 87.5 MPH)
|
| Bottom of the 2nd over - 1 run, 1 hit, 0 errors, 0 left on base; Tulsa 0 - Biloxi 1 |
| TOP OF THE 3RD |
|
Tulsa Drillers batting - Pitching for Biloxi Shuckers : RHP Brett Rosinsky
|
|
Batting: LHB Randy Boone
|
0-0: Called Strike 0-1: Ball 1-1: Called Strike 1-2: Ball 2-2: SINGLE (Line Drive, 89S, EV 90.6 MPH)
|
|
Batting: LHB Joe Phillips
|
0-0: Swinging Strike 0-1: Ball 1-1: Fly out, F7 (Flyball, 7S, EV 80.6 MPH)
|
|
Batting: LHB Nate Kee
|
0-0: Ball Randy Boone steals 2nd base 1-0: Swinging Strike 1-1: Ball 2-1: Swinging Strike 2-2: Ball 3-2: Base on Balls
|
|
Batting: SHB Ray Luna
|
0-0: Called Strike 0-1: Fielders Choice at 2nd, 1-4 (Groundball, 15, EV 69.4 MPH) Randy Boone to third
|
|
Batting: RHB Justin Curran
|
0-0: Ground out 1-3 (Groundball, 13, EV 61.2 MPH)
|
| Top of the 3rd over - 0 runs, 1 hit, 0 errors, 2 left on base; Tulsa 0 - Biloxi 1 |
| BOTTOM OF THE 3RD |
|
Biloxi Shuckers batting - Pitching for Tulsa Drillers : RHP Alex Mora
|
|
Batting: RHB Dusty Bates
|
0-0: Swinging Strike 0-1: Ball 1-1: Called Strike 1-2: Fly out, F7 (Flyball, 78M, EV 85.6 MPH)
|
|
Batting: RHB Victor Alarcon
|
0-0: Called Strike 0-1: Ball 1-1: SINGLE (Groundball, 6S, EV 65.0 MPH) (infield hit)
|
|
Batting: LHB Adam Hill
|
0-0: Ball Victor Alarcon steals 2nd base 1-0: Ball 2-0: Fly out, F7 (Flyball, 78M, EV 90.0 MPH)
|
|
Batting: SHB Justin Hensley
|
0-0: Ball 1-0: Called Strike 1-1: Ball 2-1: Ground out 4-3 (Groundball, 4, EV 102.5 MPH)
|
| Bottom of the 3rd over - 0 runs, 1 hit, 0 errors, 1 left on base; Tulsa 0 - Biloxi 1 |
| TOP OF THE 4TH |
|
Tulsa Drillers batting - Pitching for Biloxi Shuckers : RHP Brett Rosinsky
|
|
Batting: LHB Bobby Gonzalez
|
0-0: Ball 1-0: Ball 2-0: Fly out, F8 (Flyball, 8LM, EV 80.0 MPH)
|
|
Batting: RHB Jonathan Sotelo
|
0-0: Called Strike 0-1: Foul Ball, location: 2F 0-2: Ball 1-2: Ball 2-2: Ball 3-2: Foul Ball, location: 2F 3-2: Foul Ball, location: 2F 3-2: Ground out 1-3 (Groundball, 13, EV 71.2 MPH)
|
|
Batting: LHB Umar Matoub
|
0-0: Foul Ball, location: 2F 0-1: Foul Ball, location: 2F 0-2: Strikes out swinging
|
| Top of the 4th over - 0 runs, 0 hits, 0 errors, 0 left on base; Tulsa 0 - Biloxi 1 |
| BOTTOM OF THE 4TH |
|
Biloxi Shuckers batting - Pitching for Tulsa Drillers : RHP Alex Mora
|
|
Batting: LHB Karel Hort
|
0-0: Ground out 6-3 (Groundball, 4, EV 78.1 MPH)
|
|
Batting: LHB Rick Campbell
|
0-0: Fly out, F7 (Flyball, 78D, EV 100.6 MPH)
|
|
Batting: RHB Brian Landrum
|
0-0: Called Strike 0-1: Swinging Strike 0-2: Ball 1-2: Strikes out swinging
|
| Bottom of the 4th over - 0 runs, 0 hits, 0 errors, 0 left on base; Tulsa 0 - Biloxi 1 |
| TOP OF THE 5TH |
|
Tulsa Drillers batting - Pitching for Biloxi Shuckers : RHP Brett Rosinsky
|
|
Batting: RHB Jerry Blas
|
0-0: Ball 1-0: Ball 2-0: Called Strike 2-1: Ball 3-1: Foul Ball, location: 2F 3-2: Foul Ball, location: 2F 3-2: Ground out 6-3 (Groundball, 6, EV 107.5 MPH)
|
|
Batting: LHB Randy Boone
|
0-0: Called Strike 0-1: Foul Ball, location: 2F 0-2: Foul Ball, location: 2F 0-2: Ball 1-2: Strikes out swinging
|
|
Batting: LHB Joe Phillips
|
0-0: Ground out 1-3 (Groundball, 13S, EV 69.4 MPH)
|
| Top of the 5th over - 0 runs, 0 hits, 0 errors, 0 left on base; Tulsa 0 - Biloxi 1 |
| BOTTOM OF THE 5TH |
|
Biloxi Shuckers batting - Pitching for Tulsa Drillers : RHP Alex Mora
|
|
Batting: LHB Kwang-chih Men
|
0-0: Ball 1-0: Called Strike 1-1: Foul Ball, location: 2F 1-2: Strikes out swinging
|
|
Batting: SHB Nick Chandler
|
0-0: Ball 1-0: Fly out, F8 (Flyball, 8RM, EV 88.1 MPH)
|
|
Batting: RHB Dusty Bates
|
0-0: SINGLE (Groundball, 3D, EV 99.4 MPH)
|
|
Batting: RHB Victor Alarcon
|
0-0: Ball 1-0: Called Strike 1-1: Called Strike 1-2: Strikes out swinging
|
| Bottom of the 5th over - 0 runs, 1 hit, 0 errors, 1 left on base; Tulsa 0 - Biloxi 1 |
| TOP OF THE 6TH |
|
Tulsa Drillers batting - Pitching for Biloxi Shuckers : RHP Brett Rosinsky
|
|
Batting: LHB Nate Kee
|
0-0: Called Strike 0-1: Called Strike 0-2: Ball 1-2: Ball 2-2: Ball 3-2: Strikes out swinging
|
|
Batting: SHB Ray Luna
|
0-0: Ball 1-0: Fly out, F9 (Flyball, 9, EV 88.1 MPH)
|
|
Batting: RHB Justin Curran
|
0-0: Called Strike 0-1: Ball 1-1: Ball 2-1: Ball 3-1: Base on Balls
|
|
Batting: LHB Bobby Gonzalez
|
0-0: Called Strike 0-1: Called Strike 0-2: Strikes out swinging
|
| Top of the 6th over - 0 runs, 0 hits, 0 errors, 1 left on base; Tulsa 0 - Biloxi 1 |
| BOTTOM OF THE 6TH |
|
Biloxi Shuckers batting - Pitching for Tulsa Drillers : RHP Alex Mora
|
|
Batting: LHB Adam Hill
|
0-0: SINGLE (Groundball, P, EV 85.0 MPH) (infield hit)
|
|
Batting: SHB Justin Hensley
|
0-0: 2-RUN HOME RUN (Flyball, 89XD, EV 111.9 MPH), Distance : 419 ft
|
|
Batting: LHB Karel Hort
|
0-0: Ball 1-0: Ball 2-0: SOLO HOME RUN (Flyball, 9LD, EV 93.1 MPH), Distance : 345 ft
|
|
Batting: LHB Rick Campbell
|
0-0: Swinging Strike 0-1: Foul Ball, location: 2F 0-2: Ball 1-2: Ball 2-2: Fly out, F9 (Flyball, 9, EV 88.1 MPH)
|
|
Batting: RHB Brian Landrum
|
0-0: Called Strike 0-1: Ball 1-1: Ball 2-1: Swinging Strike 2-2: SINGLE (Groundball, 6MD, EV 112.5 MPH)
|
|
Batting: LHB Kwang-chih Men
|
0-0: Called Strike Brian Landrum is caught stealing 2nd base 2-6 0-1: Swinging Strike 0-2: Foul Ball, location: 2F 0-2: Ball 1-2: Fly out, F7 (Flyball, 7, EV 96.9 MPH)
|
| Bottom of the 6th over - 3 runs, 4 hits, 0 errors, 0 left on base; Tulsa 0 - Biloxi 4 |
| TOP OF THE 7TH |
|
Tulsa Drillers batting - Pitching for Biloxi Shuckers : RHP Brett Rosinsky
|
|
Pitching: LHP Brian Rich
|
|
|
Now in LF: Josh Nelson
|
|
|
Now in RF: Victor Alarcon
|
|
|
Batting: RHB Jonathan Sotelo
|
0-0: Ball 1-0: Swinging Strike 1-1: Foul Ball, location: 2F 1-2: Strikes out swinging
|
|
Batting: LHB Umar Matoub
|
0-0: Ball 1-0: Ball 2-0: Called Strike 2-1: Foul Ball, location: 2F 2-2: Fly out, F7 (Flyball, 7D, EV 100.6 MPH)
|
|
Batting: RHB Jerry Blas
|
0-0: SINGLE (Flyball, 8LS, EV 90.0 MPH)
|
|
Batting: LHB Randy Boone
|
0-0: Ball 1-0: Foul Ball, location: 2F 1-1: Foul Ball, location: 2F 1-2: Strikes out swinging
|
| Top of the 7th over - 0 runs, 1 hit, 0 errors, 1 left on base; Tulsa 0 - Biloxi 4 |
| BOTTOM OF THE 7TH |
|
Biloxi Shuckers batting - Pitching for Tulsa Drillers : RHP Alex Mora
|
|
Batting: SHB Nick Chandler
|
0-0: Ball 1-0: Called Strike 1-1: SINGLE (Groundball, 6MS, EV 83.1 MPH) (infield hit)
|
|
Batting: RHB Dusty Bates
|
0-0: Ball 1-0: Called Strike 1-1: Ball 2-1: SINGLE (Groundball, P, EV 85.6 MPH) (infield hit) Nick Chandler to second
|
|
Batting: RHB Victor Alarcon
|
0-0: Ball 1-0: Swinging Strike 1-1: Fly out, F8 (Flyball, 8LXD, EV 87.5 MPH) Runner from 2nd tags up, SAFE at 3rd, no throw by CF
|
|
Batting: LHB Adam Hill
|
0-0: Called Strike 0-1: Ball 1-1: Foul Ball, location: 2F 1-2: Ball 2-2: Ball 3-2: Fly out, F7 (Flyball, 7, EV 83.1 MPH)
|
|
Batting: SHB Justin Hensley
|
0-0: Foul Ball, location: 2F 0-1: Ball 1-1: Ball 2-1: SINGLE (Groundball, 4MD, EV 101.9 MPH) Nick Chandler scores Dusty Bates to second
|
|
Pitching: RHP Zach Snodgrass
|
|
|
Batting: RHB Josh Nelson
|
0-0: Called Strike 0-1: Foul Ball, location: 2F 0-2: Ball 1-2: Fielders Choice at 2nd, 5-4 (Groundball, 56, EV 88.1 MPH)
|
| Bottom of the 7th over - 1 run, 3 hits, 0 errors, 2 left on base; Tulsa 0 - Biloxi 5 |
| TOP OF THE 8TH |
|
Tulsa Drillers batting - Pitching for Biloxi Shuckers : LHP Brian Rich
|
|
Batting: LHB Joe Phillips
|
0-0: Called Strike 0-1: Fly out, F7 (Line Drive, 7, EV 85.0 MPH)
|
|
Batting: LHB Nate Kee
|
0-0: Ball 1-0: Foul Ball, location: 2F 1-1: Foul Ball, location: 2F 1-2: Strikes out swinging
|
|
Batting: SHB Ray Luna
|
0-0: Called Strike 0-1: Ball 1-1: Foul Ball, location: 2F 1-2: Ball 2-2: Ball 3-2: Foul Ball, location: 2F 3-2: Ground out 5-3 (Groundball, 56, EV 97.5 MPH)
|
| Top of the 8th over - 0 runs, 0 hits, 0 errors, 0 left on base; Tulsa 0 - Biloxi 5 |
| BOTTOM OF THE 8TH |
|
Biloxi Shuckers batting - Pitching for Tulsa Drillers : RHP Zach Snodgrass
|
|
Batting: LHB Rick Campbell
|
0-0: Called Strike 0-1: Ball 1-1: Called Strike 1-2: Ball 2-2: Foul Ball, location: 2F 2-2: Ball 3-2: SINGLE (Groundball, 34D, EV 96.2 MPH)
|
|
Batting: RHB Brian Landrum
|
0-0: SINGLE (Groundball, 15S, EV 68.8 MPH) (infield hit) Rick Campbell to second
|
|
Batting: LHB Kwang-chih Men
|
0-0: Ball 1-0: Fly out, F7 (Flyball, 7S, EV 80.6 MPH)
|
|
Batting: SHB Nick Chandler
|
0-0: Foul Ball, location: 2F 0-1: Ball 1-1: Fly out, F8 (Flyball, 89D, EV 103.1 MPH)
|
|
Batting: RHB Dusty Bates
|
0-0: Foul Ball, location: 2F 0-1: SINGLE (Flyball, 8RS, EV 90.0 MPH) Rick Campbell to third Brian Landrum to second
|
|
Batting: RHB Victor Alarcon
|
0-0: Ball 1-0: Ball 2-0: Called Strike 2-1: Ball 3-1: Fly out, F7 (Flyball, 7D, EV 86.2 MPH)
|
| Bottom of the 8th over - 0 runs, 3 hits, 0 errors, 3 left on base; Tulsa 0 - Biloxi 5 |
| TOP OF THE 9TH |
|
Tulsa Drillers batting - Pitching for Biloxi Shuckers : LHP Brian Rich
|
|
Batting: RHB Justin Curran
|
0-0: Ball 1-0: Swinging Strike 1-1: Swinging Strike 1-2: Foul Ball, location: 2F 1-2: Ball 2-2: Strikes out swinging
|
|
Batting: LHB Bobby Gonzalez
|
0-0: Fly out, F7 (Flyball, 7, EV 83.1 MPH)
|
|
Batting: RHB Jonathan Sotelo
|
0-0: DOUBLE (Flyball, 8RXD, EV 110.0 MPH)
|
|
Batting: LHB Umar Matoub
|
0-0: Ground out U3 (Groundball, 3L, EV 100.0 MPH)
|
| Top of the 9th over - 0 runs, 1 hit, 0 errors, 1 left on base; Tulsa 0 - Biloxi 5 |
|